 Dungeon Crawl Stone Soup version 0.31-b1-18-g61460d1e46 (webtiles) character file.

Game seed: 11060572983010350209

905 groovy9 the Destroyer (level 7, -2/36 HPs)
             Began as a Deep Elf Conjurer on Jan 16, 2024.
             Was an Initiate of Vehumet.
             Slain by a gnoll sergeant
             ... wielding a +3 heavy spear
              (13 damage)
             ... on level 6 of the Dungeon.
             The game lasted 00:12:06 (4923 turns).

groovy9 the Destroyer (Deep Elf Conjurer)           Turns: 4923, Time: 00:12:07

Health: -2/36      AC:  5    Str:  8    XL:     7   Next: 80%
Magic:  4/19       EV: 12    Int: 25    God:    Vehumet [......]
Gold:   251        SH:  0    Dex: 13    Spells: 9/20 levels left

rFire   + + .        l - +2 mace (holy)
rCold   . . .        (no shield)
rNeg    . . .        m - +0 robe of the Shrike {rF++ Str+4}
rPois   .            (no helmet)
rElec   .            q - scarf {harm}
rCorr   .            s - +0 pair of gloves
SInv    +            g - +1 pair of boots
Will    .....        p - amulet of magic regeneration
Stlth   ++           d - ring of see invisible
HPRegen 0.26/turn    (no ring)
MPRegen 0.56/turn

%: harm (+30% outgoing, +20% incoming)
@: no status effects
A: no striking features
a: Renounce Religion


You were on level 6 of the Dungeon.
You worshipped Vehumet.
Vehumet was noncommittal.
You visited 2 branches of the dungeon, and saw 7 of its levels.

You collected 251 gold pieces.

Inventory:

Hand Weapons
 l - a +2 mace of holy wrath (weapon)
Armour
 g - a +1 pair of boots (worn)
 m - the +0 robe of the Shrike (worn) {rF++ Str+4}
   (You found it on level 5 of the Dungeon)

   Str+4:     It affects your strength (+4).
   rF++:      It greatly protects you from fire.
 o - a +0 cloak
 q - a scarf of harm (worn)
 s - a +0 pair of gloves (worn)
Jewellery
 d - a ring of see invisible (left hand)
 p - an amulet of magic regeneration (around neck)
Scrolls
 c - 2 scrolls of noise
 e - a scroll of revelation
 h - a scroll of teleportation
 j - a scroll of torment {unknown}
 n - 2 scrolls of fog {unknown}
 v - a scroll of poison
 w - 3 scrolls of silence {unknown}
Potions
 a - 2 potions of lignification {unknown}
 b - a potion of magic
 f - a potion of heal wounds {unknown}
 i - 2 potions of curing
 k - a potion of haste {unknown}
 r - a potion of degeneration {unknown}
 t - a potion of cancellation {unknown}
 u - a potion of enlightenment {unknown}


   Skills:
 - Level 2.4 Dodging
 - Level 2.4 Stealth
 + Level 7.4 Spellcasting
 * Level 9.1 Conjurations


You had 9 spell levels left.
You knew the following spells:

 Your Spells              Type           Power      Damage    Failure   Level
a - Magic Dart            Conj           100%       1d8       1%          1
b - Searing Ray           Conj           100%       2d8       1%          2
c - Fulminant Prism       Conj/Alch      16%        3d10      10%         4
d - Iskenderun's Mystic   Conj/Tloc      32%        2d8       10%         4

Your spell library contained the following spells:

 Spells                   Type           Power      Damage    Failure   Level
 Call Imp                 Summ           18%        N/A       10%         2
 Sublimation of Blood     Necr           9%         N/A       10%         2
 Summon Hydra             Summ           4%         N/A       100%        7


Dungeon Overview and Level Annotations

Branches:
Dungeon (6/15)             Temple (1/1) D:5

Altars:
Ashenzari
Cheibriados
Dithmenos
Elyvilon
Fedhas
Gozag
Hepliaklqana
Makhleb
Nemelex Xobeh
Okawaru
Qazlal
Ru
Sif Muna
Uskayaw
Vehumet
Wu Jian
Xom
Yredelemnul
Zin
The Shining One

Shops:
D:4 [


Message History

Casting: Magic Dart (safe; 1% risk of failure)
Confirm with . or Enter, or press ? or * to list all spells.
You erupt in a blast of force!
The mystic blast hits the gnoll sergeant!
The gnoll sergeant is severely wounded.
The gnoll sergeant is knocked back by the mystic blast.
Your attacks no longer feel as feeble.
You hear a bark!
You hear a shout! x3
A gnoll comes into view. It is wielding a +0 spear.
Casting: Iskenderun's Mystic Blast (quite dangerous; 10% risk of failure)
Confirm with . or Enter, or press ? or * to list all spells.
Aiming: Searing Ray (safe; 1% risk of failure)
Press: ? - help, Shift-Dir - straight line, f/p - gnoll sergeant
Aim: a gnoll sergeant, wielding a +3 heavy spear, wearing a +0 ring mail and wearing a +0 kite shield (severely wounded, covering ground quickly, 90% to hit)
The searing ray hits the gnoll sergeant.
The gnoll sergeant is severely wounded. (Press . to maintain the ray.)
The gnoll sergeant is no longer moving quickly.
The gnoll hits you with a +0 flail.
Casting: Searing Ray (safe; 1% risk of failure)
Confirm with . or Enter, or press ? or * to list all spells.
You erupt in a blast of force!
The mystic blast hits the gnoll.
The gnoll is heavily wounded.
The gnoll is knocked back by the mystic blast.
You hear a shout!
Unknown command.
Casting: Iskenderun's Mystic Blast (quite dangerous; 10% risk of failure)
Confirm with . or Enter, or press ? or * to list all spells.
You erupt in a blast of force!
The mystic blast hits the gnoll sergeant.
The gnoll sergeant is almost dead.
The gnoll sergeant hits you from afar with a +3 heavy spear!
Ouch! That really hurt!
Casting: Iskenderun's Mystic Blast (quite dangerous; 10% risk of failure)
Confirm with . or Enter, or press ? or * to list all spells.
You don't have enough magic to cast this spell.
Unknown command.
You swing at nothing.
The gnoll is no longer moving quickly. x2
The gnoll sergeant hits you from afar with a +3 heavy spear!
You die...

##.###.... ....
##..#.#.... ....
#.......... ...
##....[.... #..
#......... ##..
######......... ##...
#.##...###.#...
.##....###.#............
......g@................
.....g..................
.....g..................
..#..##..........##.....
..... ##........####....
.... ##...#..##..)...#
.$. ....###.##..'.#..
... ....##...####.#..
...#....##..##.


You could see a gnoll sergeant and 2 gnolls.

Vanquished Creatures
  A black bear (D:5)
  2 ogres (D:5)
  2 centaurs
  A howler monkey (D:4)
  2 hounds
  2 orc priests (D:3)
  2 gnoll boudas (D:6)
  An iguana (D:5)
  A sleepcap (D:6)
  8 gnolls
  6 adders
  A white imp (D:5)
  A dart slug (D:3)
  7 orcs
  4 ball pythons
  3 bats
  5 endoplasms
  4 giant cockroaches
  7 goblins
  3 hobgoblins
  8 jackals
  A kobold (D:2)
  5 quokkas
  4 frilled lizards
  4 rats
85 creatures vanquished.

Notes
Turn   | Place    | Note
-------+----------+-------------------------------------------
     0 | D:1      | groovy9 the Deep Elf Conjurer began the quest for the Orb.
     0 | D:1      | Reached XP level 1. HP: 10/10 MP: 6/6
   112 | D:1      | Reached XP level 2. HP: 5/15 MP: 0/8
   183 | D:1      | Learned a level 2 spell: Searing Ray
   349 | D:1      | Reached skill level 5 in Conjurations
   781 | D:1      | Reached XP level 3. HP: 19/19 MP: 7/10
  1510 | D:2      | Reached XP level 4. HP: 24/24 MP: 8/12
  1575 | D:2      | Learned a level 4 spell: Fulminant Prism
  1789 | D:2      | You fall into a shaft and drop 2 floors!
  1976 | D:4      | Reached skill level 6 in Conjurations
  2185 | D:3      | Reached XP level 5. HP: 28/28 MP: 4/14
  2189 | D:3      | Reached skill level 5 in Spellcasting
  2419 | D:3      | Found a hazy altar of Hepliaklqana.
  3143 | D:4      | Reached skill level 7 in Conjurations
  3143 | D:4      | Reached XP level 6. HP: 32/32 MP: 8/16
  3217 | D:4      | Found Gahirchuo's Armour Shop.
  3575 | D:5      | Entered Level 5 of the Dungeon
  3775 | D:5      | Identified the +0 robe of the Shrike {rF++ Str+4}
  3843 | D:5      | Found a staircase to the Ecumenical Temple.
  3852 | Temple   | Entered the Ecumenical Temple
  3862 | Temple   | Became a worshipper of Vehumet
  3939 | D:5      | Found a sparkling altar of Nemelex Xobeh.
  3963 | D:5      | Found a burning altar of Makhleb.
  4114 | D:5      | Found a sacrificial altar of Ru.
  4119 | D:5      | Reached skill level 8 in Conjurations
  4119 | D:5      | Reached XP level 7. HP: 36/36 MP: 12/18
  4389 | D:5      | Learned a level 4 spell: Iskenderun's Mystic Blast
  4536 | D:5      | Found a shimmering altar of Xom.
  4789 | D:6      | Reached skill level 9 in Conjurations
  4923 | D:6      | Slain by a gnoll sergeant

Illustrated notes

Levels and vault maps discovered:
D:1:      dpeg_arrival_another_circle, layout_loops_ring, grunt_decor_fettered,
          chequers_serial_rivers_micro_a
D:2:      layout_basic
D:3:      layout_rooms, marbit_many_paths, amcnicky_mini_pool_small
D:4:      layout_cave_pods, serial_shops, shop, grunt_ministairs_8
D:5:      layout_basic, nicolae_overflow_quartered_altars,
          minmay_temple_entry_drinking_statues
D:6:      layout_cave_pools, serial_gnoll_camp, gnoll_camp_mini_loothouse,
          gnoll_camp_mini_hut, gnoll_camp_huts_basic, gnoll_camp_mini_basic,
          gnoll_camp_mini_basic, gnoll_camp_mini_house
Temple:   nicolae_temple_bog_church

Skill      XL: |  1  2  3  4  5  6  7 |
---------------+----------------------+-----
Conjurations   | 5 6 7 8 9 |  9.1
Spellcasting   | 4 5 6 7 |  7.4
Dodging        | |  2.4
Stealth        | |  2.4

Action                     |  1- 3 |  4- 6 |  7- 9 || total
---------------------------+-------+-------+-------++-------
   Cast: Magic Dart        |    26 |    41 |    16 ||    83
         Searing Ray       |    15 |    29 |    11 ||    55
         Iskenderun's Myst |       |       |     3 ||     3
    Use: Scroll            |       |     8 |       ||     8
 Armour: Robe              |     4 |     8 |     9 ||    21
  Dodge: Dodged            |     5 |     6 |     2 ||    13
